 Dungeon Crawl Stone Soup version 0.17-a0-2122-g03d97ec (webtiles) character file.

32 matakusis the Stinger (level 3, 0/24 HPs)
             Began as a Demonspawn Venom Mage on Oct 21, 2015.
             Slain by a ball python (1 damage)
             ... on level 2 of the Dungeon.
             The game lasted 00:05:51 (905 turns).

matakusis the Stinger (Demonspawn Venom Mage)        Turns: 905, Time: 00:05:51

Health: 0/24       AC:  2    Str:  8    XL:     3   Next: 8%
Magic:  6/6        EV:  9    Int: 16    God:
Gold:   53         SH:  0    Dex: 14    Spells: 1 memorised, 5 levels left

rFire  . . .     SeeInvis .     k - +0 dagger
rCold  . . .     Clarity  .     a - +0 robe
rNeg   . . .     SustAt   .     (no shield)
rPois  .         Gourm    .     (helmet restricted)
rElec  .         Spirit   .     (no cloak)
rCorr  .         Warding  .     (no gloves)
rMut   .         Stasis   .     (no boots)
MR     .....                    (no amulet)
Stlth  ++........               (no ring)
                                (no ring)

@: constricted, not resistant to hostile enchantments, unstealthy
A: horns 1, rot immunity
a: no special abilities


You were on level 2 of the Dungeon.
You were hungry.

You visited 1 branch of the dungeon, and saw 2 of its levels.

You collected 53 gold pieces.

Inventory:

Hand Weapons
 k - a +0 dagger (weapon)
Missiles
 l - 27 poisoned needles
Armour
 a - a +0 robe (worn)
Scrolls
 d - a scroll of teleportation {unknown}
 g - a scroll of fog {unknown}
 h - 2 scrolls of random uselessness {unknown}
 m - a scroll of remove curse {unknown}
Potions
 e - a potion of cancellation {unknown}
 f - 2 potions of magic {unknown}
 i - a potion of might {unknown}
 n - 2 potions of haste {unknown}
 o - a potion of cure mutation {unknown}
 q - 2 potions of curing {unknown}
Books
 b - a Young Poisoner's Handbook

   Spells                             Type                      Level
   a - Sting                          Conjuration/Poison           1
   b - Cure Poison                    Poison                       2
   c - Mephitic Cloud                 Conjuration/Poison/Air       3
   d - Olgreb's Toxic Radiance        Poison                       4
   e - Venom Bolt                     Conjuration/Poison           5
Comestibles
 c - a bread ration
 j - a beef jerky
 p - a meat ration


   Skills:
 + Level 0.1 Short Blades
 + Level 1.8 Dodging
 - Level 2.1 Stealth
 + Level 2.0 Spellcasting
 + Level 4.8 Poison Magic


You had 5 spell levels left.
You knew the following spells:

 Your Spells              Type           Power        Failure   Level  Hunger
a - Sting                 Conj/Pois      #...         10%         1    #......


Dungeon Overview and Level Annotations

Branches:
Dungeon (2/15)

Altars:


Innate Abilities, Weirdness & Mutations

You have a pair of small horns on your head.
You are immune to rotting.


Message History

The ball python barely misses you. The ball python constricts you.
The ball python barely misses you. The ball python constricts you.
The ball python bites you. The ball python constricts you.
The ball python closely misses you. The ball python constricts you.
The ball python bites you.
* * * LOW HITPOINT WARNING * * *
x2 The ball python constricts you.
The ball python bites you.
* * * LOW HITPOINT WARNING * * *
The ball python constricts you. The ball python barely misses you.
* * * LOW HITPOINT WARNING * * *
The ball python constricts you. The ball python bites you.
* * * LOW HITPOINT WARNING * * *
x2 The ball python constricts you.
The ball python barely misses you.
* * * LOW HITPOINT WARNING * * *
The ball python constricts you. The ball python bites you.
You die...

#..# #.# ##.#########.##
..............# #
##..####......# ..
##.##........# ...
#.##.#####.## ....
#..#.# #.# .....
##.#.#####.#####......
#.#.#........@S......
####.#.#...........#....
.......#...........# .
.....###...........#
......##...........#
......##...........#
....#.##...........#
..................$#
.##.##..####.##


You could see a ball python.

Vanquished Creatures
  A gnoll (D:1)
  A bat (D:2)
  A giant cockroach (D:1)
  6 goblins
  2 hobgoblins
  2 jackals (D:1)
  A giant newt (D:1)
  4 kobolds
  4 rats
22 creatures vanquished.

Notes
Turn   | Place    | Note
--------------------------------------------------------------
     0 | D:1      | matakusis the Demonspawn Venom Mage began the quest for the Orb.
     0 | D:1      | Reached XP level 1. HP: 13/13 MP: 3/3
    31 | D:1      | Gained mutation: You are immune to rotting. [demonic ancestry]
    31 | D:1      | Reached XP level 2. HP: 19/19 MP: 1/5
   813 | D:2      | Gained mutation: You have a pair of small horns on your head. [demonic ancestry]
   813 | D:2      | Reached XP level 3. HP: 21/24 MP: 2/6
   904 | D:2      | HP: 1/24 [ball python (1)]
   905 | D:2      | Slain by a ball python

Vault maps used:
D:1:      tarquinn_simple_flora_water_d
D:2:      lemuel_doored_altar, uniq_jessica

Action                   || total
-------------------------++-------
Melee: Unarmed           ||    14
       Dagger            ||    46
 Cast: Sting             ||    28
 Stab: Sleeping          ||     1
